 Dungeon Crawl Stone Soup version 0.29-a0-82-g837932c90e (webtiles) character file.

Game seed: 9971082109350541086

894 Armakuni the Conjurer (level 8, -2/52 HPs)
             Began as a Human Conjurer on Feb 4, 2022.
             Killed from afar by Ijyb (27 damage)
             ... with a bolt of acid
             ... on level 5 of the Dungeon.
             The game lasted 00:12:07 (4629 turns).

Armakuni the Conjurer (Human Conjurer)              Turns: 4629, Time: 00:12:08

Health: -2/52      AC:  4    Str: 10    XL:     8   Next: 27%
Magic:  7/12       EV: 11    Int: 18    God:
Gold:   174        SH:  0    Dex: 12    Spells: 7/13 levels left

rFire   . . .      SeeInvis .   a - staff of conjuration
rCold   . . .      Faith    .   (no shield)
rNeg    . . .      Spirit   .   m - +3 leather armour {rPois}
rPois   +          Reflect  .   l - +0 helmet
rElec   .          Harm     .   (no cloak)
rCorr   .          Rampage  .   (no gloves)
Will    .....                   f - +0 pair of boots
Stlth   ++........              M - amulet of magic regeneration
HPRegen 0.17/turn               (no ring)
MPRegen 0.53/turn               (no ring)

@: corroded
A: no striking features
a: no special abilities


You were on level 5 of the Dungeon.
You visited 1 branch of the dungeon, and saw 5 of its levels.

You collected 174 gold pieces.

Inventory:

Hand Weapons
 b - a +0 quarterstaff of speed
 n - the +6 short sword "Pokeg" {pain, *Noise Int+4 Dex+4}
   (You found it on level 4 of the Dungeon)

   In the hands of one skilled in necromantic magic, it inflicts extra damage on
   living creatures.
   Int:       It affects your intelligence (+4).
   Dex:       It affects your dexterity (+4).
   *Noise:    It may make noises in combat.
Missiles
 q - 2 throwing nets
Armour
 f - a +0 pair of boots (worn)
 l - a +0 helmet (worn)
 m - a +3 leather armour of poison resistance (worn)
Magical Staves
 a - a staff of conjuration (weapon)
Jewellery
 M - an amulet of magic regeneration (around neck)
Wands
 p - a wand of paralysis (10)
Scrolls
 g - a scroll of enchant armour {unknown}
 i - 6 scrolls of identify
 o - 3 scrolls of teleportation
 r - a scroll of amnesia {unknown}
Potions
 c - a potion of invisibility
 d - 3 potions of curing
 e - a potion of lignification
 j - a potion of flight


   Skills:
 - Level 2.0 Dodging
 - Level 2.0 Stealth
 - Level 3.2 Spellcasting
 + Level 7.7 Conjurations
 - Level 3.0 Earth Magic
 + Level 3.8 Evocations


You had 7 spell levels left.
You knew the following spells:

 Your Spells              Type           Power      Damage    Failure   Level
a - Stone Arrow           Conj/Erth      66%        3d11      7%          3
b - Searing Ray           Conj           92%        2d7       1%          2
c - Magic Dart            Conj           100%       1d8       1%          1

Your spell library contained the following spells:

 Spells                   Type           Power      Damage    Failure   Level
 Dazzling Flash           Conj/Hex       50%        N/A       13%         3
 Fulminant Prism          Conj/Hex       12%        3d9       41%         4
 Iskenderun's Mystic Bla  Conj/Tloc      25%        2d7       41%         4
 Tukima's Dance           Hex            2%         N/A       54%         3
 Animate Armour           Summ/Erth      16%        N/A       75%         4
 Passage of Golubria      Tloc           2%         N/A       91%         4
 Yara's Violent Unravell  Hex/Tmut       1%         3d3       99%         5
 Lehudib's Crystal Spear  Conj/Erth      16%        10d5      100%        8


Dungeon Overview and Level Annotations

Branches:
Dungeon (5/15)
 Temple: D:4-7

Altars:
Yredelemnul

Annotations:
D:5 Ijyb


Message History

You see here a potion of curing.
d - 3 potions of curing (gained 1)
Aiming: Searing Ray (safe; 1% risk of failure)
Press: ? - help, Q - select action, (/) - cycle Shift-Dir - straight line, f - hound
Aim: a hound (75% to hit)
You feel a surge of power!
The searing ray hits the hound.
The hound is moderately wounded. (Press . to maintain the ray.)
The searing ray hits the hound!
The hound is severely wounded.
The hound closely misses you. The hound bites you but does no damage.
The searing ray hits the hound.
You kill the hound!
You see here a +4 flail of draining.
Ijyb the Twisted Goblin comes into view.
She is wielding a +0 dagger and carrying a wand of acid (11).
Ijyb shouts!
You hear an angry growl.
Aiming: Searing Ray (safe; 1% risk of failure)
Press: ? - help, Q - select action, (/) - cycle Shift-Dir - straight line, f - Ijyb
Aim: Ijyb, wielding a +0 dagger, wearing a +0 leather armour and carrying a wand of acid (11) (77% to hit)
Okay, then.
Casting: Searing Ray (safe; 1% risk of failure)
Confirm with . or Enter, or press ? or * to list all spells.
Aiming: Stone Arrow (dangerous; 7% risk of failure)
Press: ? - help, Shift-Dir - straight line, f - Ijyb
Aim: Ijyb, wielding a +0 dagger, wearing a +0 leather armour and carrying a wand of acid (11) (67% to hit)
You feel a surge of power!
The stone arrow hits Ijyb!
Ijyb is heavily wounded.
Ijyb zaps a wand.
The bolt of acid hits you!!
Ouch! That really hurt!
The acid corrodes you!
Casting: Stone Arrow (dangerous; 7% risk of failure)
Confirm with . or Enter, or press ? or * to list all spells.
Aiming: Stone Arrow (dangerous; 7% risk of failure)
Press: ? - help, Shift-Dir - straight line, f/p - Ijyb
Aim: Ijyb, wielding a +0 dagger, wearing a +0 leather armour and carrying a wand of acid (10) (heavily wounded, 67% to hit)
You feel a surge of power!
The stone arrow hits Ijyb.
Ijyb is severely wounded.
Ijyb zaps a wand.
The bolt of acid hits you!!
Ouch! That really hurt!
You die...

#..........#..###
.......#......#.........
...............[.....#
........#..####.....##
.......##..###...##..#.#
....g.. #..##).###...#.#
....... #.....## #.#....
.......##.#..####..[..##
....=..@................
......$#...##.#.......##
##.###.....##.........#
#.#.##.....รท####.#
#.......##.....#
#?.#######..##<#
...##.......###.## .##
#.....#.###..## ##
###.....#.......#


You could see Ijyb.

Vanquished Creatures
  Prince Ribbit (D:5)
  Edmund (D:5)
  An ogre (D:4)
  4 hounds
  A gnoll shaman (D:4)
  3 iguanas (D:4)
  3 orc wizards (D:4)
  5 gnolls (D:4)
  4 adders
  A white imp (D:3)
  An ufetubus (D:4)
  A dart slug (D:4)
  9 orcs
  7 ball pythons
  10 bats
  5 endoplasms
  3 giant cockroaches
  2 goblins
  4 hobgoblins
  12 jackals
  7 kobolds
  2 quokkas (D:1)
  4 frilled lizards
  9 rats
100 creatures vanquished.

Notes
Turn   | Place    | Note
-------+----------+-------------------------------------------
     0 | D:1      | Armakuni the Human Conjurer began the quest for the Orb.
     0 | D:1      | Reached XP level 1. HP: 13/13 MP: 3/3
   180 | D:1      | Found a faded altar of an unknown god.
   285 | D:1      | Reached XP level 2. HP: 19/19 MP: 0/5
   311 | D:1      | Learned a level 2 spell: Searing Ray
   872 | D:1      | Reached XP level 3. HP: 24/24 MP: 0/6
  1905 | D:2      | Found a basalt altar of Yredelemnul.
  1915 | D:2      | Reached XP level 4. HP: 30/30 MP: 5/8
  1928 | D:2      | Learned a level 3 spell: Stone Arrow
  2382 | D:3      | Reached skill level 5 in Conjurations
  2451 | D:3      | Reached XP level 5. HP: 35/35 MP: 4/9
  2829 | D:4      | Reached skill level 1 in Earth Magic
  2942 | D:4      | Noticed an ogre
  2980 | D:4      | Killed an ogre
  2981 | D:4      | Reached XP level 6. HP: 41/41 MP: 6/10
  3289 | D:4      | Reached skill level 6 in Conjurations
  3327 | D:4      | Reached XP level 7. HP: 41/46 MP: 4/11
  3530 | D:4      | Identified the +6 short sword "Pokeg" {pain, *Noise Int+4
                  | Dex+4}
  3557 | D:4      | Reached skill level 1 in Evocations
  4354 | D:5      | Entered Level 5 of the Dungeon
  4379 | D:5      | Noticed Edmund
  4382 | D:5      | Noticed Prince Ribbit
  4385 | D:5      | Killed Edmund
  4386 | D:5      | Reached skill level 7 in Conjurations
  4406 | D:5      | Killed Prince Ribbit
  4407 | D:5      | Reached XP level 8. HP: 28/52 MP: 4/12
  4626 | D:5      | Noticed Ijyb
  4629 | D:5      | Killed from afar by Ijyb

Illustrated notes

Levels and vault maps discovered:
D:1:      sevenhm_arrival_forest_fort_small_5, layout_basic,
          shapermc_ecumenical_altar_totnotflames, minmay_misc_feat_x
D:2:      layout_loops_ring, basic_altar
D:3:      layout_rooms, grunt_ministairs_2, kennysheep_doodads
D:4:      layout_basic
D:5:      layout_rooms, okawaru_trees_1, uniq_edmund, uniq_prince_ribbit1,
          uniq_ijyb

Skill      XL: |  1  2  3  4  5  6  7 |
---------------+----------------------+-----
Spellcasting   | 3 |  3.2
Conjurations   | 5 6 7 |  7.7
Earth Magic    | 2 3 |  3.0
Evocations     | 3 |  3.8
Dodging        | |  2.0
Stealth        | |  2.0

Action                   |  1- 3 |  4- 6 |  7- 9 || total
-------------------------+-------+-------+-------++-------
Melee: Unarmed           |     6 |       |       ||     6
       Dagger            |     4 |       |       ||     4
       Staff             |     5 |     3 |     5 ||    13
 Cast: Magic Dart        |    11 |       |       ||    11
       Searing Ray       |    24 |    31 |    20 ||    75
       Stone Arrow       |       |     1 |    11 ||    12
Evoke: Wand              |       |       |     2 ||     2
  Use: Scroll            |     3 |     4 |       ||     7
       Potion            |       |     1 |       ||     1
 Stab: Sleeping          |     1 |       |       ||     1
Armor: Robe              |    16 |     6 |     6 ||    28
       Leather armour    |       |       |     1 ||     1
Dodge: Dodged            |    24 |     6 |    19 ||    49

Table legend: (Time is in decaauts)
 A = Elapsed time spent in this place.
 B = Non-inter-level travel time spent in this place.
 C = Inter-level travel time spent in this place.
 D = Time resting spent in this place.
 E = Time spent auto-exploring this place.
 F = Levels seen in this place.
 G = Mean time per level.
                   A        B        C        D        E       F      G
               +--------+--------+--------+--------+--------+-----+--------+
         Total |   4617 |   4444 |    173 |   1058 |   2422 |   5 |  923.4 |
       Dungeon |   4617 |   4444 |    173 |   1058 |   2422 |   5 |  923.4 |
               +--------+--------+--------+--------+--------+-----+--------+

Top non-repeatable levels by time:
     D:4: 1515 daAuts
     D:1: 1506 daAuts
     D:2: 806 daAuts
     D:3: 514 daAuts
     D:5: 274 daAuts
